 Dungeon Crawl Stone Soup version 0.14-a0-2986-gd1872aa (webtiles) character file.

3578 DaftWullie the Slicer (level 10, -8/59 HPs)
             Began as a Kobold Berserker on Mar 5, 2014.
             Was a High Priest of Trog.
             Mangled by an octopode
             ... wielding a +0,+0 trident
              (13 damage)
             ... on Level 9 of the Dungeon on Mar 6, 2014.
             The game lasted 01:17:39 (8140 turns).

DaftWullie the Slicer (Kobold Berserker)            Turns: 8140, Time: 01:17:39

HP  -8/59        AC  8     Str 18      XL: 10   Next: 17%
MP  11/11        EV 21     Int  9      God: Trog [*****.]
Gold 363         SH  0     Dex 16      Spells:  0 memorised,  9 levels left

rFire  . . .     SeeInvis .     a - +2,+1 dagger (venom)
rCold  . . .     Clarity  .     y - +2 leather armour
rNeg   . . .     Conserve .     (no shield)
rPois  +         rCorr    .     x - +1 dwarf helmet {Int+3}
rElec  .         rRot     .     (no cloak)
SustAb . .       Spirit   .     (no gloves)
rMut   .         Warding  .     q - +0 pair of elf boots
Saprov + + .     Stasis   .     C - amulet of rage
MR     +....                    T - ring of protection from magic {unknown}
                                N - ring of poison resistance

@: exhausted, constricted, somewhat resistant to hostile enchantments, very
stealthy
A: disease resistance, carnivore 3, saprovore 2
a: Burn Spellbooks, Berserk, Trog's Hand, Brothers in Arms, Renounce Religion,
Evoke Berserk Rage


You were on level 9 of the Dungeon.
You worshipped Trog.
Trog was extremely pleased with you.
You were full.

You visited 1 branch of the dungeon, and saw 9 of its levels.

You collected 363 gold pieces.

Inventory:

Hand weapons
 a - a +2,+1 dagger of venom (weapon)
 b - a +0 blowgun
 e - a +0,+0 short sword
 i - a +0,+0 short sword
 l - a +0,+0 short sword
 A - a +1,+1 dagger of electrocution
 D - a +0,+0 short sword
 G - a +0,+0 short sword
 M - a +0,+0 short sword
Missiles
 o - 32 poisoned needles
 B - 20 darts (quivered)
 L - 4 curare-tipped needles
 Q - 15 darts of frost
Armour
 q - a +0 pair of elven boots (worn)
 x - a +1 dwarven helmet of intelligence (worn)
 y - a +2 leather armour (worn)
 I - a +0 animal skin
 U - a +0 leather armour
 X - a steam dragon hide
Magical devices
 t - a wand of magic darts (20)
 v - a wand of magic darts (1)
 R - a wand of slowing (6)
Comestibles
 c - 3 meat rations
 S - 5 rotting chunks of steam dragon flesh
Scrolls
 g - a scroll of enchant armour {unknown}
 h - a scroll of fog {unknown}
 m - 2 scrolls of magic mapping
 s - 5 scrolls of remove curse
 w - 2 scrolls of teleportation {unknown}
 E - a scroll of enchant weapon II {unknown}
 F - a scroll of immolation {unknown}
 H - a scroll of amnesia {unknown}
 P - 2 scrolls of noise {unknown}
 Z - a scroll of blinking
Jewellery
 n - an uncursed ring of sustain abilities
 C - an amulet of rage (around neck)
 N - a ring of poison resistance (left hand)
 T - a ring of protection from magic (right hand) {unknown}
 Y - an uncursed ring of teleportation
Potions
 d - 4 potions of flight
 f - 5 potions of restore abilities
 j - a potion of paralysis {unknown}
 k - 2 potions of might
 p - 2 potions of poison
 r - 3 potions of curing
 u - a potion of confusion {unknown}
 z - a potion of magic {unknown}
 J - 3 potions of degeneration {unknown}
 K - a potion of brilliance {unknown}
 O - a potion of speed {unknown}
 V - a potion of invisibility {unknown}
 W - a potion of heal wounds {unknown}


   Skills:
 * Level 5.4 Fighting
 * Level 10.7 Short Blades
 - Level 4.0 Throwing
 - Level 1.5 Armour
 + Level 10.4 Dodging
 + Level 7.0 Stealth
 + Level 1.0 Evocations


You had 9 spell levels left.
You didn't know any spells.

Dungeon Overview and Level Annotations

Branches:
Dungeon (9/16)             Temple (0/1) D:4
    Orc: D:9-12        Lair: D:8-11

Altars:
Ashenzari
Kikubaaqudgha
Nemelex Xobeh
Sif Muna
Zin


Innate Abilities, Weirdness & Mutations

You recuperate from illness quickly.
You are small and have problems with some larger weapons.
You are carnivorous and can eat meat at any time.
You can eat rotten meat.


Message History

The octopode tentacle-slaps you!
* * * LOW HITPOINT WARNING * * *
The octopode constricts you.
Your ogre hits the shark with a giant club!
Drink which item? (? for menu, Esc to quit)
You feel better. The shark barely misses you. The shark bites you!
* * * LOW HITPOINT WARNING * * *
The octopode closely misses you.
* * * LOW HITPOINT WARNING * * *
The octopode constricts you.
Your ogre hits the shark with a giant club!
The shark dies!
Trog accepts your collateral kill.
You hear a splash.
Drink which item? (? for menu, Esc to quit)
You feel better. The shark bites you!
* * * LOW HITPOINT WARNING * * *
The shark completely misses you.
Your ogre barely misses the octopode.
The octopode tentacle-slaps you!
You die...

.≈≈ .≈≈# #.. .≈≈# ≈
#......# .≈≈# ≈≈#
##......#. #≈≈# ≈≈#
#..._.... #≈≈## #≈;#
#....... #;≈≈######≈≈≈#
#......#####x;≈≈≈≈≈≈≈≈≈.#
#...........@O≈≈≈≈≈≈≈≈..#
#.......##.....##.......#
#.(.<...##.....##...<...#
#.......##.....##.......#
##.....###.....###......#
##...## ####.## ##...###
#.### ###.#######.# #.
##.........#.# ..
##.....####.#.#


You could see an octopode, a shark (frenzied), an electric eel and a friendly
ogre (berserk).

Vanquished Creatures
  Prince Ribbit (D:7)
  A hungry ghost (D:9)
  A steam dragon (D:7)
  A necrophage (D:6)
  2 sky beasts (D:6)
  An orc warrior (D:8)
  4 ogres
  A phantom (D:8)
  An ice beast (D:8)
  A centaur (D:8)
  A water moccasin (D:7)
  Blork the orc (D:5)
  3 giant frogs
  A goliath beetle (D:6)
  A giant frog skeleton (D:5)
  An electric eel (D:9)
  5 hounds
  A jelly (D:6)
  3 crimson imps
  4 orc priests
  A centaur skeleton (D:7)
  8 orc wizards
  3 scorpions
  6 worker ants
  Jessica (D:2)
  8 adders
  4 gnolls (D:3)
  2 giant mites
  3 worms
  An adder zombie (D:6)
  An orc zombie (D:7)
  An adder skeleton (D:8)
  An ooze (D:3)
  25 orcs
  A bat skeleton (D:6)
  A bat zombie (D:7)
  12 goblins
  26 hobgoblins
  5 jackals
  18 kobolds
  3 quokkas
  4 ball pythons
  15 bats
  4 giant cockroaches
  A giant gecko (D:8)
  5 giant newts
  A hobgoblin skeleton (D:4)
  A hobgoblin zombie (D:7)
  2 jackal skeletons
  2 kobold skeletons
  15 rats
  2 rat skeletons
  2 ballistomycetes (D:6)
220 creatures vanquished.

Vanquished Creatures (collateral kills)
  2 sharks (D:9)
  A steam dragon (D:8)
3 creatures vanquished.

Vanquished Creatures (others)
  A giant spore (D:6)
1 creature vanquished.

Grand Total: 224 creatures vanquished

Notes
Turn   | Place    | Note
--------------------------------------------------------------
     0 | D:1      | DaftWullie, the Kobold Berserker, began the quest for the Orb.
     0 | D:1      | Reached XP level 1. HP: 14/14 MP: 1/1
    85 | D:2      | Reached XP level 2. HP: 19/19 MP: 2/2
    86 | D:2      | Found a sparkling altar of Nemelex Xobeh.
   479 | D:1      | Acquired Trog's second power
   484 | D:1      | Reached XP level 3. HP: 15/23 MP: 3/3
   649 | D:2      | Reached skill level 5 in Short Blades
  1028 | D:2      | Reached XP level 4. HP: 25/29 MP: 4/4
  1326 | D:2      | Noticed Jessica
  1335 | D:2      | Killed Jessica
  1356 | D:3      | Reached skill level 1 in Stealth
  1409 | D:3      | Reached XP level 5. HP: 17/33 MP: 5/5
  1835 | D:3      | Reached skill level 6 in Short Blades
  1841 | D:3      | Reached XP level 6. HP: 38/38 MP: 6/6
  1949 | D:3      | Reached skill level 5 in Dodging
  2561 | D:3      | Found a glowing silver altar of Zin.
  2561 | D:3      | Found a deep blue altar of Sif Muna.
  2596 | D:3      | Acquired Trog's third power
  3088 | D:4      | Reached XP level 7. HP: 41/43 MP: 7/7
  3266 | D:5      | Entered Level 5 of the Dungeon
  3266 | D:5      | Noticed Blork the orc
  3403 | D:4      | Reached skill level 7 in Short Blades
  3774 | D:4      | Reached skill level 1 in Evocations
  3803 | D:4      | Found a staircase to the Ecumenical Temple.
  3999 | D:5      | Killed Blork the orc
  4106 | D:5      | Reached XP level 8. HP: 31/48 MP: 9/9
  4375 | D:5      | Found a shattered altar of Ashenzari.
  4464 | D:5      | Reached skill level 8 in Short Blades
  5377 | D:7      | Reached skill level 1 in Throwing
  5478 | D:6      | Reached skill level 5 in Stealth
  5669 | D:7      | Reached XP level 9. HP: 49/52 MP: 10/10
  5711 | D:7      | Noticed Prince Ribbit
  5717 | D:7      | Killed Prince Ribbit
  5717 | D:7      | Reached skill level 9 in Short Blades
  6158 | D:6      | Upgraded the game from 0.14-a0-2964-g8dc6adb to 0.14-a0-2986-gd1872aa
  6744 | D:7      | Reached skill level 5 in Fighting
  7328 | D:8      | Reached skill level 10 in Short Blades
  7361 | D:9      | Found an ancient bone altar of Kikubaaqudgha.
  7829 | D:8      | Reached XP level 10. HP: 46/59 MP: 11/11
  8083 | D:9      | Reached skill level 10 in Dodging
  8108 | D:9      | Noticed an octopode
  8140 | D:9      | Mangled by an octopode

Action                   |  1- 3 |  4- 6 |  7- 9 | 10-12 || total
-------------------------+-------+-------+-------+-------++-------
Melee: Short sword       |   138 |   293 |   156 |       ||   587
       Dagger            |       |       |   629 |    47 ||   676
 Fire: Blowgun           |       |       |    10 |     5 ||    15
Throw: Dart              |       |    16 |    23 |       ||    39
Invok: Berserk           |     3 |     7 |     6 |     1 ||    17
       Trog's Hand       |       |     2 |     3 |     1 ||     6
       Brothers in Arms  |       |       |     1 |     1 ||     2
Evoke: Wand              |       |     5 |     5 |       ||    10
  Use: Scroll            |     1 |     1 |    11 |       ||    13
       Potion            |       |       |     2 |     2 ||     4
 Stab: Sleeping          |     3 |     4 |    22 |     1 ||    30
